 Dungeon Crawl Stone Soup version 0.30.0-5-g1a98f26d00 (webtiles) character file.

Game seed: 1019066901924061778

168 Farfigtubin the Cleaver (level 5, -1/37 HPs)
             Began as a Gnoll Wanderer on May 9, 2023.
             Was a Follower of Wu Jian.
             Slain by Edmund
             ... wielding a +1 flail of protection
              (7 damage)
             ... on level 4 of the Dungeon.
             The game lasted 00:29:01 (3200 turns).

Farfigtubin the Cleaver (Gnoll Wanderer)            Turns: 3200, Time: 00:29:02

Health: -1/37      AC:  7    Str: 10    XL:     5   Next: 49%
Magic:  18/18      EV: 12    Int: 15    God:    Wu Jian [*.....]
Gold:   152        SH:  0    Dex: 11    Spells: 9/10 levels left

rFire   . . .        a - +2 hand axe
rCold   . . .        (no shield)
rNeg    . . .        d - +0 robe
rPois   .            q - +1 helmet
rElec   .            (no cloak)
rCorr   .            A - +0 pair of gloves
SInv    .            x - +1 pair of boots
Will    .....        h - amulet of the acrobat
Stlth   ++           e - ring of magical power
HPRegen 0.26/turn    (no ring)
MPRegen 0.16/turn

%: acrobat
@: about to teleport
A: fangs 1, strong nose, distributed training
a: Renounce Religion


You were on level 4 of the Dungeon.
You worshipped Wu Jian.
Wu Jian was aware of your devotion.
You visited 1 branch of the dungeon, and saw 4 of its levels.

You collected 152 gold pieces.

Inventory:

Hand Weapons
 a - a +2 hand axe (weapon)
 b - a +0 sling
Missiles
 k - 6 poisoned darts
 m - 18 stones
Armour
 d - a +0 robe (worn)
 q - a +1 helmet (worn)
 x - a +1 pair of boots (worn)
 A - a +0 pair of gloves (worn)
Jewellery
 e - a ring of magical power (left hand)
 g - an amulet of reflection
 h - an amulet of the acrobat (around neck)
 w - an amulet of regeneration
Scrolls
 f - 3 scrolls of identify
 i - 2 scrolls of teleportation
 j - a scroll of vulnerability {unknown}
 p - a scroll of immolation
 r - a scroll of poison {unknown}
 t - a scroll of enchant armour {unknown}
 u - a scroll of amnesia
 y - a scroll of magic mapping {unknown}
 B - a scroll of fog {unknown}
Potions
 c - 2 potions of curing
 l - a potion of mutation {unknown}
 n - 2 potions of lignification {unknown}
 o - a potion of brilliance {unknown}
 s - a potion of might {unknown}
 v - a potion of invisibility {unknown}
 z - a potion of berserk rage {unknown}


   Skills:
 + Level 1.6 Fighting
 + Level 1.6 Short Blades
 + Level 1.6 Long Blades
 + Level 10.5 Axes
 + Level 1.6 Maces & Flails
 + Level 1.6 Polearms
 + Level 1.6 Staves
 + Level 1.6 Ranged Weapons
 + Level 1.6 Throwing
 + Level 1.6 Armour
 + Level 1.6 Dodging
 + Level 4.4 Stealth
 + Level 1.6 Shields
 + Level 1.6 Unarmed Combat
 + Level 3.2 Spellcasting
 + Level 4.0 Conjurations
 + Level 1.2 Hexes
 + Level 1.2 Summonings
 + Level 1.2 Necromancy
 + Level 1.2 Translocations
 + Level 1.2 Transmutations
 + Level 1.2 Fire Magic
 + Level 1.2 Ice Magic
 + Level 1.2 Air Magic
 + Level 1.2 Earth Magic
 + Level 1.2 Poison Magic
 + Level 1.8 Invocations
 + Level 1.6 Evocations


You had 9 spell levels left.
You knew the following spells:

 Your Spells              Type           Power      Damage    Failure   Level
a - Shock                 Conj/Air       40%        1d5       7%          1

Your spell library contained the following spells:

 Spells                   Type           Power      Damage    Failure   Level
 Necrotise                Necr           24%        1d5       12%         1
 Mephitic Cloud           Conj/Pois/Air  9%         N/A       24%         3
 Vampiric Draining        Necr           6%         2d6       34%         3
 Agony                    Necr           6%         N/A       97%         5
 Alistair's Intoxication  Tmut/Pois      4%         N/A       97%         5
 Borgnjor's Vile Clutch   Necr/Erth      3%         N/A       97%         5
 Eringya's Noxious Bog    Tmut/Pois      3%         N/A       100%        6


Dungeon Overview and Level Annotations

Branches:
Dungeon (4/15)
 Temple: D:4-7

Altars:
Hepliaklqana
Makhleb
Okawaru
Ru
Wu Jian
Xom

Annotations:
D:3 Grinder
D:4 Edmund


Innate Abilities, Weirdness & Mutations

You have very sharp teeth.
Your uncanny sense of smell can sniff out nearby items.
Your experience applies equally to all skills.


Message History

* * * LOW HITPOINT WARNING * * *
Okay, then.
Edmund attacks as you move away! Edmund hits you but does no damage.
You feel better.
Edmund hits you with a +1 flail of protection.
As you read the scroll labelled KOVOECSU PUEC, it crumbles to dust.
The creatures around you are filled with an inner flame!
It was a scroll of immolation.
Edmund says, "People will remember me!
They'll remember me and die!"
Edmund barely misses you.
As you read the scroll labelled OSTOKAARRI, it crumbles to dust.
It is a scroll of amnesia.
Really abort (and waste the scroll)?
Okay, then.
Edmund hits you with a +1 flail of protection.
Edmund attacks as you move away!
Edmund hits you with a +1 flail of protection.
* * * LOW HITPOINT WARNING * * *
You feel better.
Edmund hits you with a +1 flail of protection.
* * * LOW HITPOINT WARNING * * *
Edmund attacks as you move away! Edmund barely misses you.
An orc comes into view. It is wielding a +2 vampiric whip.
Found a scroll labelled ZOJ NOAGYI.
Edmund attacks as you move away! Edmund completely misses you.
An adder comes into view.
You see here a +0 chain mail.
As you read the scroll labelled ZOJ NOAGYI, it crumbles to dust.
It is a scroll of identify.
i - 3 scrolls of teleportation Edmund hits you with a +1 flail of protection.
* * * LOW HITPOINT WARNING * * *
Found a viscous grey potion.
You feel better.
Edmund hits you with a +1 flail of protection!
* * * LOW HITPOINT WARNING * * *
As you read the scroll of teleportation, it crumbles to dust.
You feel strangely unstable.
Edmund hits you with a +1 flail of protection!
You die...

.#.. #. #. ...S.##.#
#. ........# ##. ##
........# #.. ..
.#......# .. !#
........# .#..#
#.....####...#
#.....[.@@..#
######.....#.###.#
.#...!........### #
∆ ................#
...................∆
.......)....>.....?
...................∆
.........<.........
..................#


You could see Edmund (inner flame).

Vanquished Creatures
  Jessica (D:3)
  2 orc wizards (D:3)
  Robin (D:2)
  An adder (D:3)
  A worm (D:2)
  2 dart slugs (D:1)
  2 orcs (D:3)
  5 bats
  3 endoplasms
  3 giant cockroaches
  10 goblins
  8 hobgoblins
  5 jackals (D:1)
  3 quokkas (D:1)
  6 ball pythons
  2 frilled lizards
  3 kobolds
  3 rats (D:1)
61 creatures vanquished.

Notes
Turn   | Place    | Note
-------+----------+-------------------------------------------
     0 | D:1      | Reached skill level 10 in Axes
     0 | D:1      | Farfigtubin the Gnoll Wanderer began the quest for the Orb.
     0 | D:1      | Farfigtubin set off with the following items: a +2 hand
                  | axe, a +0 helmet, a potion of curing, a +0 robe; and the
                  | following spell memorised: Shock; and the following spells
                  | available to memorise: Mephitic Cloud.
     0 | D:1      | Reached XP level 1. HP: 13/13 MP: 4/4
   251 | D:1      | Reached XP level 2. HP: 20/20 MP: 5/5
   599 | D:1      | Reached XP level 3. HP: 20/25 MP: 4/7
  1149 | D:2      | Reached skill level 1 in Invocations
  1455 | D:2      | Noticed Robin
  1636 | D:2      | Reached skill level 1 in Fighting
  1636 | D:2      | Reached skill level 1 in Short Blades
  1636 | D:2      | Reached skill level 1 in Long Blades
  1636 | D:2      | Reached skill level 1 in Maces & Flails
  1636 | D:2      | Reached skill level 1 in Polearms
  1636 | D:2      | Reached skill level 1 in Staves
  1636 | D:2      | Reached skill level 1 in Ranged Weapons
  1636 | D:2      | Reached skill level 1 in Throwing
  1636 | D:2      | Reached skill level 1 in Armour
  1636 | D:2      | Reached skill level 1 in Dodging
  1636 | D:2      | Reached skill level 1 in Shields
  1636 | D:2      | Reached skill level 1 in Unarmed Combat
  1636 | D:2      | Reached skill level 1 in Evocations
  1733 | D:2      | Killed Robin
  1734 | D:2      | Reached XP level 4. HP: 28/32 MP: 8/8
  1991 | D:2      | Found a faded altar of an unknown god.
  2196 | D:2      | Prayed at the altar of an unknown god.
  2196 | D:2      | Became a worshipper of the Wu Jian Council
  2196 | D:2      | Reached * piety under Wu Jian
  2247 | D:3      | Noticed Grinder
  2514 | D:3      | Reached skill level 1 in Hexes
  2514 | D:3      | Reached skill level 1 in Summonings
  2514 | D:3      | Reached skill level 1 in Necromancy
  2514 | D:3      | Reached skill level 1 in Translocations
  2514 | D:3      | Reached skill level 1 in Transmutations
  2514 | D:3      | Reached skill level 1 in Fire Magic
  2514 | D:3      | Reached skill level 1 in Ice Magic
  2514 | D:3      | Reached skill level 1 in Air Magic
  2514 | D:3      | Reached skill level 1 in Earth Magic
  2514 | D:3      | Reached skill level 1 in Poison Magic
  2640 | D:3      | Found a burning altar of Makhleb.
  2642 | D:3      | Noticed Jessica
  2644 | D:3      | Killed Jessica
  2688 | D:3      | Reached XP level 5. HP: 32/37 MP: 9/9
  2732 | D:3      | Found a shimmering altar of Xom.
  2770 | D:3      | Found a sacrificial altar of Ru.
  2941 | D:3      | Found an iron altar of Okawaru.
  2950 | D:3      | Found a hazy altar of Hepliaklqana.
  3169 | D:4      | Noticed Edmund
  3200 | D:4      | Slain by Edmund

Illustrated notes

Levels and vault maps discovered:
D:1:      minmay_arrival_four_loops, layout_basic
D:2:      layout_basic, hellmonk_ecumenical_altar_inner_sanctum, uniq_robin
D:3:      layout_basic, nicolae_overflow_crystal_walls,
          nicolae_overflow_quartered_altars, uniq_jessica, uniq_grinder
D:4:      layout_rooms, uniq_crazy_yiuf_cottage, uniq_edmund, uniq_natasha,
          uniq_duvessa

Skill      XL: |  1  2  3  4  5 |
---------------+----------------+-----
Axes           | | 10.5
Invocations    | 1 |  1.8
Fighting       | 1 |  1.6
Short Blades   | 1 |  1.6
Long Blades    | 1 |  1.6
Maces & Flails | 1 |  1.6
Polearms       | 1 |  1.6
Staves         | 1 |  1.6
Ranged Weapons | 1 |  1.6
Throwing       | 1 |  1.6
Armour         | 1 |  1.6
Dodging        | 1 |  1.6
Shields        | 1 |  1.6
Unarmed Combat | 1 |  1.6
Evocations     | 1 |  1.6
Spellcasting   | 3 |  3.2
Hexes          | 1 |  1.2
Summonings     | 1 |  1.2
Necromancy     | 1 |  1.2
Translocations | 1 |  1.2
Transmutations | 1 |  1.2
Fire Magic     | 1 |  1.2
Ice Magic      | 1 |  1.2
Air Magic      | 1 |  1.2
Earth Magic    | 1 |  1.2
Poison Magic   | 1 |  1.2
Conjurations   | 4 |  4.0
Stealth        | |  4.4

Action                     |  1- 3 |  4- 6 || total
---------------------------+-------+-------++-------
  Melee: Hand axe          |    26 |    32 ||    58
         Bite              |       |     3 ||     3
         Punch             |       |     1 ||     1
   Cast: Shock             |   101 |    35 ||   136
Ability: Lunge             |       |     5 ||     5
    Use: Scroll            |       |     4 ||     4
         Potion            |       |     3 ||     3
   Stab: Sleeping          |       |     4 ||     4
 Armour: Robe              |     5 |     7 ||    12
  Dodge: Dodged            |    28 |    19 ||    47
  Block: Other             |    10 |     3 ||    13
         Reflection        |     1 |       ||     1
